 Dungeon Crawl Stone Soup version 0.20.1-1-g8b1a95d (webtiles) character file.

142 polve the Charmwright (level 5, 0/38 HPs)
             Began as a Merfolk Skald on July 18, 2017.
             Killed by nerve-wracking pain
             ... invoked by an orc priest
              (13 damage)
             ... on level 4 of the Dungeon.
             The game lasted 00:02:56 (1275 turns).

polve the Charmwright (Merfolk Skald)               Turns: 1275, Time: 00:02:57

Health: 0/38       AC:  3    Str: 11    XL:     5   Next: 24%
Magic:  5/8        EV: 12    Int: 14    God:
Gold:   63         SH:  0    Dex: 13    Spells: 2/8 levels left

rFire    . . .     SeeInvis .   a - +0 spear
rCold    . . .     Gourm    .   (no shield)
rNeg     . . .     Faith    .   b - +0 leather armour
rPois    .         Spirit   .   (no helmet)
rElec    .         Reflect  .   (no cloak)
rCorr    .         Harm     .   (no gloves)
MR       .....                  (no boots)
Stlth    +.........             (no amulet)
Regen    0.2/turn               (no ring)
MPRegen  0.2/turn               (no ring)

@: confused, infused
A: change form in water, swift swim, stealthy swim
a: no special abilities


You were on level 4 of the Dungeon.
You were not hungry.

You visited 1 branch of the dungeon, and saw 3 of its levels.

You collected 63 gold pieces.

Inventory:

Hand Weapons
 a - a +0 spear (weapon)
Armour
 b - a +0 leather armour (worn)
Scrolls
 e - a scroll of random uselessness {unknown}
 g - a scroll of remove curse {unknown}
Books
 c - a book of Battle

   Spells                             Type                      Level
   a - Infusion                       Charms                       1
   b - Shroud of Golubria             Charms/Translocation         2
   c - Song of Slaying                Charms                       2
   d - Spectral Weapon                Hexes/Charms                 3
   e - Regeneration                   Charms/Necromancy            3
Comestibles
 d - a bread ration
 h - a meat ration


   Skills:
 - Level 2.1 Fighting
 - Level 3.0 Polearms
 - Level 0.6 Armour
 - Level 2.6 Dodging
 - Level 2.0 Spellcasting
 * Level 0.0 Hexes
 + Level 4.6 Charms
 - Level 3.0 Translocations


You had 2 spell levels left.
You knew the following spells:

 Your Spells              Type           Power        Failure   Level  Hunger
a - Infusion              Chrm           ##..         4%          1    ##.....
b - Shroud of Golubria    Chrm/Tloc      ##........   10%         2    ###....
c - Spectral Weapon       Hex/Chrm       #.......     34%         3    ####...


Dungeon Overview and Level Annotations

Branches:
Dungeon (2/15)

Altars:


Message History

You hit the orc priest.
The orc priest is moderately wounded.
The orc priest hits you with a whip.
* * * LOW HITPOINT WARNING * * *
You closely miss the orc priest.
The orc priest is moderately wounded.
The orc wizard hits you with a dagger.
* * * LOW HITPOINT WARNING * * *
The orc priest hits you with a whip.
* * * LOW HITPOINT WARNING * * *
It was a potion of curing.
You feel better.
The orc wizard hits you but does no damage.
The orc priest completely misses you.
You hit the orc priest!
The orc priest is almost dead.
The orc wizard casts a spell at you.
You are confused.
The orc priest mumbles some strange prayers to Beogh against you.
Pain shoots through your body!
You die...

#. #.... ##.##.#.# .#
.....#.# .# #
#.#..#.# <#.#
#.#..#.# >#.###
#[###....).##......
###..................
.....##o..)....##.##
<....so@..####.#
###.###.#.# #.# #.#.#
#.# #.#.# #.# ..#.#
#.# ....# #.# ...###
#(# ...# #.# #.#


You could see a scorpion, an orc priest and an orc wizard.

Vanquished Creatures
  An ogre (D:4)
  A hound (D:4)
  2 dart slugs (D:1)
  An orc (D:4)
  3 giant cockroaches (D:1)
  5 goblins
  2 hobgoblins (D:1)
  4 bats (D:1)
  A frilled lizard (D:1)
  3 kobolds (D:1)
  4 rats (D:1)
27 creatures vanquished.

Notes
Turn   | Place    | Note
-------+----------+-------------------------------------------
     0 | D:1      | polve the Merfolk Skald began the quest for the Orb.
     0 | D:1      | Reached XP level 1. HP: 16/16 MP: 3/3
   264 | D:1      | Reached XP level 2. HP: 22/22 MP: 5/5
   265 | D:1      | Reached skill level 4 in Charms
   270 | D:1      | Learned a level 2 spell: Shroud of Golubria
   528 | D:1      | Reached skill level 1 in Translocations
   677 | D:1      | Reached XP level 3. HP: 27/27 MP: 6/6
   997 | D:2      | You fall through a shaft for 2 floors!
  1026 | D:4      | Reached XP level 4. HP: 22/33 MP: 1/7
  1149 | D:4      | Noticed an ogre
  1160 | D:4      | Killed an ogre
  1160 | D:4      | Reached XP level 5. HP: 38/38 MP: 0/8
  1165 | D:4      | Learned a level 3 spell: Spectral Weapon
  1273 | D:4      | HP: 1/38 [orc priest/whip (6)]
  1275 | D:4      | Killed from afar by an orc priest

Skill      XL: |  1  2  3  4 |
---------------+-------------+-----
Charms         | 4 |  4.6
Translocations | 1 2 3 |  3.0
Fighting       | |  2.1
Polearms       | |  3.0
Armour         | |  0.6
Dodging        | |  2.6
Spellcasting   | |  2.0

Action                   |  1- 3 |  4- 6 || total
-------------------------+-------+-------++-------
Melee: Spear             |    99 |    18 ||   117
 Cast: Infusion          |     1 |     3 ||     4
       Shroud of Golubri |       |     1 ||     1
  Use: Potion            |       |     1 ||     1
  Eat: Chunk             |       |     1 ||     1
Armor: Leather armour    |    18 |       ||    18
Dodge: Dodged            |    52 |     8 ||    60
